 Dungeon Crawl Stone Soup version 0.30-a0-799-g109b55a442 (webtiles) character file.

Game seed: 627644496681359493

29848 arthad the Summoner (level 13, -5/59 HPs)
             Began as a Felid Summoner on Feb 20, 2023.
             Was an Initiate of Gozag.
             Killed from afar by a steam dragon (13 damage)
             ... with a ball of steam
             ... on level 5 of the Lair of Beasts on Feb 21, 2023.
             The game lasted 01:29:03 (23729 turns).

arthad the Summoner (Felid Summoner)               Turns: 23729, Time: 01:29:03

Health: -5/59      AC:  3    Str:  4    XL:     13   Next: 17%
Magic:  14/29      EV: 25    Int: 33    God:    Gozag
Gold:   1339       SH:  5    Dex: 17    Spells: 10/35 levels left
                                        Lives:  0   Deaths: 4

rFire   . . .      SeeInvis +      - Unarmed
rCold   + . .      Faith    .    (shield unavailable)
rNeg    . . .      Spirit   .    (body armour unavailable)
rPois   .          Reflect  +    (helmet unavailable)
rElec   .          Harm     .    (cloak unavailable)
rCorr   .          Rampage  .    (gloves unavailable)
Will    +....                    (boots unavailable)
Stlth   ++                       t - amulet of reflection
HPRegen 0.29/turn                I - +6 ring of intelligence
MPRegen 0.21/turn                w - +6 ring of intelligence

@: brilliant, quick
A: very small, claws 1, fangs 3, see invisible, speed 1, shaggy fur 3, stealthy
paws, no weapons or thrown items, no armour, multi-lived
a: Renounce Religion, Potion Petition, Call Merchant, Bribe Branch


You were on level 5 of the Lair of Beasts.
You worshipped Gozag.
Gozag was most pleased with you.
You visited 2 branches of the dungeon, and saw 19 of its levels.
You also visited: Gauntlet.

You collected 4519 gold pieces.
You spent 798 gold pieces at shops.
You paid 2382 gold pieces to Gozag.

Inventory:

Jewellery
 d - a ring of poison resistance
 p - an amulet of the acrobat
 t - an amulet of reflection (around neck)
 w - a +6 ring of intelligence (right paw)
 A - an amulet of faith
 E - a ring of see invisible
 I - a +6 ring of intelligence (left paw)
 N - the ring "Meogh" {Fly Str+7 Int-5}
   (You found it in a Gauntlet)

   [ring of flight]

   Str:       It affects your strength (+7).
   Int:       It affects your intelligence (-5).
   Fly:       It grants you flight.
 O - the ring of Ackoigen {Fire Str+4}
   (You found it in a Gauntlet)

   [ring of fire]

   It enhances your fire magic.
   Str:       It affects your strength (+4).
   rF:        It protects you from fire.
   rC:        It makes you vulnerable to cold.
Wands
 l - a wand of mindburst (13)
 C - a wand of flame (37)
 D - a wand of polymorph (12)
 J - a wand of acid (1)
 M - a wand of iceblast (2)
 S - a wand of paralysis (5)
Scrolls
 b - 7 scrolls of magic mapping
 c - 7 scrolls of identify
 e - 6 scrolls of amnesia
 g - 8 scrolls of teleportation
 h - 5 scrolls of enchant weapon
 i - 2 scrolls of vulnerability
 k - 4 scrolls of poison
 o - 2 scrolls of silence
 q - 4 scrolls of blinking
 r - 3 scrolls of torment {unknown}
 s - 4 scrolls of noise {unknown}
 v - 2 scrolls of fog {unknown}
 y - a scroll of immolation {unknown}
 F - 2 scrolls of brand weapon {unknown}
 Q - a scroll of enchant armour {unknown}
 V - 2 scrolls of butterflies {unknown}
Potions
 a - a potion of magic
 j - 4 potions of degeneration
 m - a potion of berserk rage
 n - 3 potions of attraction
 u - a potion of cancellation
 x - a potion of haste
 z - 3 potions of brilliance
 B - 2 potions of curing
 G - 4 potions of might
 H - a potion of lignification
 K - 2 potions of mutation
 L - 2 potions of resistance
 P - 2 potions of flight {unknown}
 R - a potion of heal wounds
 T - a potion of ambrosia {unknown}
Miscellaneous
 f - a phial of floods
 U - a tin of tremorstones (2/2)


   Skills:
 + Level 8.6 Fighting
 + Level 11.6 Dodging
 - Level 2.6 Stealth
 + Level 8.6 Unarmed Combat
 * Level 11.7 Spellcasting
 - Level 5.0 Hexes
 * Level 13.4 Summonings
 + Level 2.9 Necromancy
 + Level 8.8 Translocations
 - Level 10.0 Air Magic


You had 10 spell levels left.
You knew the following spells:

 Your Spells              Type           Power      Damage    Failure   Level
a - Summon Small Mammal   Summ           100%       N/A       0%          1
b - Call Imp              Summ           100%       N/A       0%          2
c - Call Canine Familiar  Summ           100%       N/A       1%          3
d - Summon Guardian Gole  Hex/Summ       88%        N/A       1%          3
e - Summon Lightning Spi  Summ/Air       98%        N/A       1%          4
f - Tukima's Dance        Hex            68%        N/A       1%          3
g - Blink                 Tloc           100%       N/A       1%          2
h - Monstrous Menagerie   Summ           52%        N/A       9%          7

Your spell library contained the following spells:

 Spells                   Type           Power      Damage    Failure   Level
 Kiss of Death            Conj/Necr      100%       2d13      1%          1
 Necrotise                Necr           100%       1d9       1%          1
 Ensorcelled Hibernation  Hex/Ice        100%       N/A       1%          2
 Lesser Beckoning         Tloc           100%       N/A       1%          2
 Momentum Strike          Conj/Tloc      100%       3d10      1%          2
 Poisonous Vapours        Pois/Air       100%       N/A       1%          2
 Confusing Touch          Hex            68%        N/A       1%          3
 Gell's Gravitas          Tloc           86%        N/A       1%          3
 Mephitic Cloud           Conj/Pois/Air  58%        N/A       1%          3
 Swiftness                Air            91%        N/A       1%          3
 Teleport Other           Tloc           86%        N/A       1%          3
 Passage of Golubria      Tloc           86%        N/A       1%          4
 Magic Dart               Conj           100%       1d8       2%          1
 Sting                    Tmut/Pois      100%       1d8       2%          1
 Vampiric Draining        Necr           55%        2d9       2%          3
 Passwall                 Tmut/Erth      23%        N/A       3%          2
 Searing Ray              Conj           56%        2d6       3%          2
 Dispel Undead            Necr           55%        3d20      7%          4
 Fulminant Prism          Conj/Hex       26%        3d13      9%          4
 Dispersal                Tloc           43%        N/A       10%         6
 Agony                    Necr           55%        N/A       21%         5
 Olgreb's Toxic Radiance  Pois           28%        N/A       24%         4
 Yara's Violent Unravell  Hex/Tmut       26%        3d11      24%         5
 Conjure Ball Lightning   Conj/Air       34%        3x3d11    43%         6
 Blade Hands              Tmut           14%        N/A       54%         5
 Fireball                 Conj/Fire      14%        3d8       54%         5
 Irradiate                Conj/Tmut      14%        3d16      54%         5
 Iskenderun's Battlesphe  Conj           28%        2d8       54%         5
 Haunt                    Necr/Summ      41%        N/A       56%         7
 Dragon Form              Tmut           14%        N/A       100%        7
 Orb of Destruction       Conj           14%        9d7       100%        7


Dungeon Overview and Level Annotations

Branches:
Dungeon (14/15)            Temple (0/1) D:6            Lair (5/5) D:10
  Swamp (0/4) Lair:2        Snake (0/4) Lair:2        Slime (0/5) Lair:4
    Orc (0/2) D:9          Vaults (0/5) D:13        Gauntlet (visited)

Altars:
Cheibriados
Elyvilon
Gozag
Kikubaaqudgha
Makhleb
Nemelex Xobeh
Okawaru
Ru
Sif Muna
Xom
Zin

Shops:
D:3 (   D:13 =   Lair:1 :   Lair:3 :

Annotations:
D:2 1 runed translucent door, Crazy Yiuf
D:12 2 transporters, epsilonplus's ghost, journeyman DsRe


Innate Abilities, Weirdness & Mutations

You have sharp claws.
You have razor-sharp teeth.
You have supernaturally acute eyesight. (SInv)
You cover ground quickly. (Speed+)
Your thick and shaggy fur keeps you warm. (AC +3, rC+)
Your paws help you pounce on unaware monsters.
You are incapable of wielding weapons or throwing items.
You cannot wear armour.
You gain extra lives every three experience levels.


Message History

Your crimson imp closely misses the steam dragon.
The steam dragon hisses angrily.
The steam dragon is no longer distracted by gold.
Your crimson imp closely misses the steam dragon.
The steam dragon breathes steam at you. The ball of steam hits your manticore!
The ball of steam misses you.
You are engulfed in a cloud of scalding steam.
Your warg is engulfed in a cloud of scalding steam.
Your manticore is engulfed in a cloud of scalding steam.
Your manticore dies!
Your manticore's corpse disappears in a puff of smoke!
Your warg is engulfed in a cloud of scalding steam.
Your crimson imp barely misses the steam dragon.
Your warg is engulfed in a cloud of scalding steam.
The steam dragon breathes steam at you. The ball of steam hits you!
* * * LOW HITPOINT WARNING * * *
Your warg is engulfed in a cloud of scalding steam.
What are your orders? t - Meow!
Orders for allies: a - Attack new target. p - Attack previous target. r - Retreat! s - Stop attacking. g - Guard the area. f - Follow me.
Anything else - Cancel.
Gang up on whom?
Press: ? - help, Dir - move target, f/p - steam dragon
Aim: a steam dragon Attack!
Your crimson imp hits the steam dragon.
The steam dragon closely misses your warg.
The steam dragon claws your warg but does no damage.
An iguana comes into view.
Your crimson imp barely misses the steam dragon.
Your warg misses the steam dragon. The steam dragon breathes steam at you.
The ball of steam hits your warg!!
The ball of steam hits your guardian golem!
Your guardian golem resists.
The ball of steam hits you!
You die...
Your body crumbles into a pile of gold.

♣.§≈~~~.♣
♣l≈≈≈~P♣♣♣♣
♣.§≈≈~.$$=♣
♣5D≈≈~."$♣♣
♣kh≈≈~.?..♣
♣♣♣.~...)$♣
♣.~9≈..$!$♣
♣..§≈~~.♣♣♣
♣♣♣@~≈.~♣
♣...~♣♣
♣♣♣.~≈≈≈.
..~≈.≈.
♣.♣..♣♣
♣♣♣♣♣


You could see a friendly guardian golem (summoned).

Vanquished Creatures
  An ice dragon (D:13)
  A centaur warrior (D:13)
  A skyshark (Lair:4)
  2 meliai (Gauntlet)
  A flying skull (Gauntlet)
  A ynoxinul (Gauntlet)
  A yak (Lair:4)
  A water moccasin (Lair:2)
  An orc warrior (D:9)
  A wolf (Lair:1)
  A centaur (D:3)
  A phantom (D:7)
  2 bullfrogs
  An electric eel (Lair:2)
  A human zombie (D:6)
  A hound (D:5)
  An orc priest (D:3)
  An iron imp (Gauntlet)
  A howler monkey zombie (D:6)
  2 orcs
  A ball python (D:1)
  A bat (D:3)
  A hobgoblin (D:1)
  A jackal (D:1)
  A kobold (D:3)
  A quokka (D:1)
  A rat (D:2)
30 creatures vanquished.

Vanquished Creatures (collateral kills)
  Nessos (D:12)
  A minotaur (Gauntlet)
  A fire dragon (Lair:5)
  3 hydras (Lair:5)
  2 catoblepae
  2 centaur warriors
  4 boulder beetles
  5 two-headed ogres
  3 death yaks
  A tengu warrior (D:13)
  Erica (D:11)
  2 skysharks
  2 skeletal warriors (D:12)
  A swamp dragon (Lair:5)
  Pikel (D:7)
  A deep elf pyromancer (D:12)
  2 lindwurms (Lair:3)
  A manticore (Lair:5)
  An ugly thing (D:13)
  11 elephants
  2 cyclopes (D:11)
  Maurice (D:12)
  2 nameless horrors (Lair:5)
  A rust devil (Gauntlet)
  4 black mambas
  A gargoyle (D:12)
  2 minotaur zombies (Gauntlet)
  Psyche (D:7)
  6 cane toads
  An unseen horror (D:11)
  4 komodo dragons
  An efreet (D:13)
  A tengu conjurer (D:13)
  A polar bear (Lair:1)
  4 blink frogs (Lair:4)
  3 dream sheep (Lair:5)
  A flying skull (Gauntlet)
  A spriggan (shapeshifter) (D:13)
  2 shadows
  2 wraiths (D:13)
  27 yaks
  6 wyverns
  2 spriggans (Lair:2)
  A fire elemental (Lair:1)
  9 fire bats (Lair:1)
  3 vampire mosquitoes (D:13)
  6 basilisks
  A steam dragon (Lair:5)
  A swamp worm (Lair:2)
  3 acid dragons
  12 water moccasins
  Duvessa (D:7)
  4 black bears
  An ice beast (D:8)
  A sky beast (D:7)
  23 wolves
  8 centaurs
  2 lemures
  2 phantoms (D:5)
  2 kobold brigands
  4 necrophages
  7 bullfrogs
  3 scorpions
  A gnoll sergeant (D:6)
  10 wights
  Dowan (D:7)
  3 howler monkeys
  2 bullfrog zombies (D:6)
  A crimson imp (D:7)
  2 centaur zombies (D:6)
  A hound (D:7)
  3 orc priests
  An iron imp (Gauntlet)
  A jelly (D:7)
  2 iguanas
  10 orc wizards
  A killer bee zombie (D:6)
  2 mummies (D:6)
  6 gnolls
  4 adders
  2 shadow imps
  2 white imps
  An ufetubus (D:4)
  2 worms
  A dart slug (D:1)
  40 orcs
  A bat (D:1)
  9 endoplasms
  3 giant cockroaches
  9 goblins
  2 hobgoblins (D:2)
  6 jackals
  8 kobolds
  2 quokkas
  4 ball pythons
  A frilled lizard (D:2)
  3 rats
363 creatures vanquished.

Vanquished Creatures (others)
  A vault guard (D:13)
  A hydra (Lair:2)
  3 death yaks
  A two-headed ogre (D:10)
  2 skeletal warriors (D:12)
  An iron troll (D:13)
  A cyclops (D:11)
  A manticore (Lair:5)
  Joseph (D:7)
  2 elephants
  Maggie (D:6)
  A torpor snail (Lair:1)
  2 cane toads
  2 trolls
  A meliai (Gauntlet)
  A water elemental (D:11)
  A wyvern (Lair:2)
  2 flying skulls (Gauntlet)
  10 yaks
  A steam dragon (D:7)
  A swamp worm (Lair:2)
  3 nagas (Lair:2)
  2 acid dragons (D:11)
  A water moccasin (Lair:4)
  3 orc warriors
  A black bear (Lair:1)
  An ice beast (D:7)
  2 centaurs (D:12)
  14 wolves (Lair:1)
  A bullfrog (Lair:1)
  A wight (D:8)
  An orc priest (D:6)
  An orc (D:6)
  A butterfly (D:7)
  84 fungi
  78 plants
231 creatures vanquished.

Grand Total: 624 creatures vanquished

Notes
Turn   | Place    | Note
-------+----------+-------------------------------------------
     0 | D:1      | arthad the Felid Summoner began the quest for the Orb.
     0 | D:1      | Reached XP level 1. HP: 7/7 MP: 4/4
   208 | D:1      | Reached XP level 2. HP: 11/11 MP: 3/6
   211 | D:1      | Learned a level 2 spell: Call Imp
   939 | D:1      | Reached skill level 5 in Summonings
   940 | D:1      | Reached XP level 3. HP: 14/14 MP: 5/7
  1097 | D:2      | Learned a level 3 spell: Call Canine Familiar
  1289 | D:2      | Found a sacrificial altar of Ru.
  1682 | D:2      | Found a runed translucent door.
  1683 | D:2      | Noticed Crazy Yiuf
  1834 | D:3      | Found Bodoxet's Antique Weapon Emporium.
  1854 | D:3      | Noticed a centaur
  1911 | D:3      | Reached skill level 1 in Hexes
  1944 | D:3      | Reached XP level 4. HP: 18/18 MP: 3/8
  2709 | D:3      | Killed a centaur
  2710 | D:3      | Reached XP level 5. HP: 21/21 MP: 1/10
  3433 | D:4      | Learned a level 3 spell: Summon Guardian Golem
  3450 | D:4      | Gained mutation: You are covered in thick fur. (AC +2)
                  | [Felid growth]
  3450 | D:4      | Reached XP level 6. HP: 17/24 MP: 3/11
  3910 | D:5      | Entered Level 5 of the Dungeon
  4084 | D:5      | Reached skill level 6 in Summonings
  4084 | D:5      | Reached skill level 1 in Air Magic
  4088 | D:5      | Reached skill level 1 in Fighting
  4088 | D:5      | Reached skill level 1 in Unarmed Combat
  4174 | D:5      | Reached XP level 7. HP: 26/28 MP: 8/13
  4188 | D:5      | Learned a level 4 spell: Summon Lightning Spire
  4313 | D:5      | Found a burning altar of Makhleb.
  4767 | D:5      | Reached skill level 5 in Hexes
  5251 | D:6      | Noticed Maggie
  5266 | D:6      | Killed Maggie
  5267 | D:6      | Reached XP level 8. HP: 33/33 MP: 10/15
  5363 | D:6      | Found a staircase to the Ecumenical Temple.
  5506 | D:6      | Reached skill level 7 in Summonings
  5793 | D:6      | Reached skill level 5 in Spellcasting
  5997 | D:6      | Reached skill level 5 in Dodging
  6021 | D:6      | Found an ancient bone altar of Kikubaaqudgha.
  6112 | D:6      | Reached XP level 9. HP: 37/37 MP: 18/18
  6865 | D:7      | Noticed Pikel
  7113 | D:7      | Shot with an arrow by a centaur
  7114 | D:7      | Reached XP level 8. HP: -9/34 MP: 9/17
  7117 | D:7      | Found a shimmering blue altar of Sif Muna.
  7431 | D:7      | Reached skill level 8 in Summonings
  7448 | D:7      | Killed Pikel
  7449 | D:7      | Reached skill level 5 in Air Magic
  7449 | D:7      | Reached XP level 9. HP: 27/39 MP: 4/19
  7647 | D:7      | Noticed Joseph
  7665 | D:7      | Killed Joseph
  7990 | D:7      | Found an opulent altar of Gozag.
  7998 | D:7      | Became a worshipper of Gozag Ym Sagoz the Greedy
  8008 | D:7      | Found a glowing silver altar of Zin.
  8177 | D:7      | Noticed Dowan
  8177 | D:7      | Noticed Duvessa
  8188 | D:7      | Killed Duvessa
  8194 | D:7      | Killed Dowan
  8258 | D:7      | Found a white marble altar of Elyvilon.
  8472 | D:7      | Found a sparkling altar of Nemelex Xobeh.
  8472 | D:7      | Found a snail-covered altar of Cheibriados.
  8523 | D:8      | Noticed Psyche
  8536 | D:7      | Killed Psyche
  8706 | D:8      | Reached XP level 10. HP: 35/43 MP: 7/21
  9275 | D:9      | Reached skill level 9 in Summonings
  9518 | D:9      | Found a staircase to the Orcish Mines.
 10391 | D:9      | Found an iron altar of Okawaru.
 10500 | D:10     | Entered Level 10 of the Dungeon
 10608 | D:10     | Reached skill level 5 in Fighting
 10611 | D:10     | Reached skill level 5 in Unarmed Combat
 10831 | D:10     | Noticed a two-headed ogre
 10839 | D:10     | Killed a two-headed ogre
 11071 | D:10     | Found a staircase to the Lair.
 11085 | D:10     | Reached XP level 11. HP: 48/48 MP: 17/23
 11581 | D:10     | Noticed a two-headed ogre
 11588 | D:10     | Killed a two-headed ogre
 11589 | D:10     | Reached skill level 10 in Summonings
 12103 | D:11     | Learned a level 3 spell: Tukima's Dance
 12162 | D:11     | Noticed Erica
 12177 | D:11     | Killed Erica
 13113 | D:11     | Learned a level 2 spell: Blink
 13157 | D:12     | Noticed Maurice
 13165 | D:12     | Killed Maurice
 13230 | D:12     | Noticed a two-headed ogre
 13230 | D:12     | Noticed a skeletal warrior
 13230 | D:12     | Noticed a skeletal warrior
 13230 | D:12     | Noticed a skeletal warrior
 13245 | D:12     | Killed a skeletal warrior
 13245 | D:12     | Killed a two-headed ogre
 13245 | D:12     | Noticed a skeletal warrior
 13246 | D:12     | Reached skill level 1 in Translocations
 13248 | D:12     | Killed a skeletal warrior
 13260 | D:12     | Killed a skeletal warrior
 13262 | D:12     | Killed a skeletal warrior
 13354 | D:12     | Noticed a boulder beetle
 13378 | D:12     | Killed a boulder beetle
 13379 | D:12     | Gained mutation: Your thick and shaggy fur keeps you warm.
                  | (AC +3, rC+) [Felid growth]
 13379 | D:12     | Reached XP level 12. HP: 52/52 MP: 6/26
 13479 | D:12     | Noticed Nessos
 13489 | D:12     | Killed Nessos
 13491 | D:12     | Killed by an exploding themself... ignited by their inner
                  | flame
 13492 | D:12     | Reached XP level 11. HP: -3/48 MP: 15/25
 13560 | D:12     | Found a transporter.
 13560 | D:12     | Noticed a tengu warrior
 13561 | D:12     | Noticed a brown ugly thing
 13561 | D:12     | Noticed epsilonplus's ghost (journeyman DsRe)
 13561 | D:12     | Noticed a centaur warrior
 13584 | D:12     | Found a snail-covered altar of Cheibriados.
 13624 | D:12     | a yaktaur changed into a shining eye
 13624 | D:12     | Noticed a shining eye (glowing shapeshifter)
 13625 | D:12     | a shining eye changed into a merfolk
 13627 | D:12     | Found a transporter.
 13642 | D:12     | a dream sheep changed into a lindwurm
 13642 | D:12     | Noticed a lindwurm (glowing shapeshifter)
 13675 | D:12     | Noticed a centaur warrior
 13681 | D:12     | Killed a centaur warrior
 13780 | D:12     | Noticed a boulder beetle
 13812 | D:12     | an eye of devastation changed into an anaconda
 13812 | D:12     | Noticed an anaconda (glowing shapeshifter)
 13991 | D:12     | Noticed a boulder beetle
 14035 | D:12     | Killed a boulder beetle
 14036 | D:12     | Reached skill level 11 in Summonings
 14191 | D:12     | Noticed a deep elf pyromancer
 14198 | D:12     | Killed a deep elf pyromancer
 14298 | D:12     | Killed a boulder beetle
 14595 | D:13     | Noticed a tengu warrior
 14608 | D:13     | Killed a tengu warrior
 14709 | D:13     | Noticed a centaur warrior
 14719 | D:13     | Killed a centaur warrior
 14724 | D:13     | Killed from afar by an efreet
 14725 | D:13     | Reached XP level 10. HP: -8/46 MP: 13/24
 14777 | D:13     | Found a gate leading to a gauntlet.
 14781 | Gauntlet | Entered a Gauntlet
 14781 | Gauntlet | Noticed a necromancer
 14781 | Gauntlet | Found a transporter.
 14781 | Gauntlet | Found a transporter.
 14790 | Gauntlet | Found a transporter.
 14793 | Gauntlet | Found a transporter.
 14797 | Gauntlet | Noticed a moth of wrath
 14819 | Gauntlet | Found a transporter.
 14819 | Gauntlet | Found a transporter.
 14825 | Gauntlet | Found a runed translucent door.
 14840 | Gauntlet | Found a transporter.
 14850 | Gauntlet | Found a transporter.
 14854 | Gauntlet | Found a transporter.
 14876 | Gauntlet | Found a transporter.
 14878 | Gauntlet | Found a runed translucent door.
 14878 | Gauntlet | Noticed a rust devil
 14880 | Gauntlet | Found a runed translucent door.
 14894 | Gauntlet | Found a transporter.
 14898 | Gauntlet | Found a transporter.
 15221 | Gauntlet | Reached XP level 11. HP: 21/49 MP: 15/25
 15407 | Gauntlet | Identified the ring "Meogh" {Fly Str+7 Int-5}
 15420 | Gauntlet | HP: 2/49 [meliai/divine providence (15)]
 15472 | Gauntlet | Identified the ring of Ackoigen {Fire Str+4}
 15505 | Gauntlet | Noticed a minotaur
 15526 | Gauntlet | Killed a minotaur
 15833 | D:13     | Reached skill level 5 in Translocations
 16295 | D:13     | Noticed a two-headed ogre
 16298 | D:13     | Noticed a two-headed ogre
 16308 | D:13     | Noticed an ice dragon
 16311 | D:13     | Killed a two-headed ogre
 16314 | D:13     | Killed a two-headed ogre
 16322 | D:13     | HP: 1/50 [ice dragon/blast of cold (20)]
 16329 | D:13     | Killed an ice dragon
 16438 | D:13     | Noticed a two-headed ogre
 16444 | D:13     | Killed a two-headed ogre
 16512 | D:13     | Found Etomo's Jewellery Shop.
 16522 | D:13     | Noticed a centaur warrior
 16531 | D:13     | Killed a centaur warrior
 16532 | D:13     | Reached skill level 10 in Dodging
 16532 | D:13     | Reached skill level 10 in Spellcasting
 16661 | D:13     | Noticed an iron troll
 16674 | D:13     | Killed an iron troll
 16734 | D:13     | Found a gate to the Vaults.
 16895 | D:13     | Noticed a vault guard
 16916 | D:13     | Killed a vault guard
 17077 | D:14     | Noticed a purple ugly thing
 17077 | D:14     | Noticed a purple ugly thing
 17077 | D:14     | Noticed a purple ugly thing
 17078 | D:14     | Noticed a purple ugly thing
 17090 | D:13     | Killed a purple ugly thing
 17091 | D:13     | Reached XP level 12. HP: 54/54 MP: 16/27
 17288 | Lair:1   | Entered Level 1 of the Lair of Beasts
 17569 | Lair:1   | Reached skill level 12 in Summonings
 18404 | Lair:1   | You fall into a shaft and drop 1 floor!
 18404 | Lair:2   | Found a shimmering altar of Xom.
 19183 | Lair:2   | Reached skill level 10 in Air Magic
 19207 | Lair:2   | Found a staircase to the Snake Pit.
 19395 | Lair:2   | Noticed an eight-headed hydra
 19403 | Lair:2   | Killed an eight-headed hydra
 19877 | Lair:2   | Found a staircase to the Swamp.
 20164 | Lair:3   | Reached XP level 13. HP: 58/58 MP: 17/28
 21192 | Lair:3   | Bought Xoschah's Directory of the Escort for 798 gold
                  | pieces
 21200 | Lair:3   | Learned a level 7 spell: Monstrous Menagerie
 21485 | Lair:4   | Reached skill level 1 in Necromancy
 22127 | Lair:4   | Found a staircase to the Slime Pits.
 22572 | Lair:5   | Entered Level 5 of the Lair of Beasts
 22602 | Lair:5   | Reached skill level 13 in Summonings
 23367 | Lair:5   | Reached XP level 14. HP: 53/63 MP: 2/30
 23679 | Lair:5   | HP: 1/63 [themself (45)]
 23685 | Lair:5   | HP: 3/63 [death yak (14)]
 23691 | Lair:5   | Mangled by a death yak
 23692 | Lair:5   | Reached XP level 13. HP: -13/59 MP: 3/29
 23692 | Lair:5   | Noticed a fire dragon
 23704 | Lair:5   | Killed a fire dragon
 23729 | Lair:5   | Killed from afar by a steam dragon

Illustrated notes

Levels and vault maps discovered:
D:1:      lemuel_arrival_lava_pool, layout_loops_cross, dk_noncrumbling_3,
          minmay_tripent
D:2:      layout_rooms, basic_altar, minmay_misc_feat_ornament,
          hangedman_feature_mirror, uniq_crazy_yiuf_cottage
D:3:      layout_loops_ring, serial_shops, nicolae_shop_hallway_stairs,
          kennysheep_path_1, moated_statue
D:4:      layout_basic, minmay_parallelograms
D:5:      layout_basic, lightli_temple_of_fire
D:6:      layout_layer_cave, lemuel_mausoleum_altar_kikubaaqudgha,
          minmay_temple_entry_from_below_a, uniq_maggie
D:7:      layout_loops_cross, pdpol_temple_overflow_zin_treasury_gozag_greed,
          kennysheep_mini, gammafunk_temple_overflow_elements,
          nicolae_elyvilon_peaceful_grove, minmay_fire_ice_demons, uniq_joseph,
          uniq_duvessa, uniq_pikel
D:8:      layout_cave_pools, uniq_psyche
D:9:      layout_loops_corners, okawaru_altar_gauntlet_db, david_orc_2,
          hangedman_decor_points
D:10:     layout_long_grid, due_lair_maze_entry_diamond, serial_glass,
          glass_columns_b, glass_columns_b, glass_columns_a, glass_columns_a,
          glass_columns_a, glass_columns_a, glass_columns_a, glass_columns_c
D:11:     layout_basic, nicolae_water_bricks, uniq_erica
D:12:     layout_roguey, gammafunk_ghost_arena, cheibriados_altar_1,
          uniq_maurice, uniq_nessos
D:13:     layout_loops_ring, david_vaults_4, gauntlet_entry_generic,
          serial_shops, shop
D:14:     minmay_expanding_circles, layout_cross, hangedman_decor_growths
Lair:1:   layout_chaotic_city, grunt_forest_large_clearings
Lair:2:   wad_woods_stonehenge, layout_chaotic_city,
          nicolae_swamp_entry_splash_gauntlet,
          minmay_snake_entry_guardpost_medium, chequers_serial_rivers_marsh,
          chequers_serial_rivers_micro_c, guppyfry_lair_drakes
Lair:3:   layout_chaotic_city, nicolae_lair_lindhole
Lair:4:   layout_roguey, slime_entry_1, infiniplex_staircase_pool_2
Lair:5:   hangedman_lair_in_review, layout_cellular_growth,
          guppyfry_lair_end_dragon, lemuel_fruit_tree

Skill      XL: |  1  2  3  4  5  6  7  8  9 10 11 12 13 |
---------------+----------------------------------------+-----
Summonings     | 5 6 8 9 11 12 13 | 13.4
Hexes          | 1 3 4 5 |  5.0
Spellcasting   | 3 4 6 7 10 11 | 11.7
Dodging        | 3 4 6 7 10 11 | 11.6
Air Magic      | 1 2 5 6 9 10 | 10.0
Fighting       | 1 2 3 4 5 7 8 |  8.6
Unarmed Combat | 1 2 3 4 5 7 8 |  8.6
Translocations | 5 7 8 |  8.8
Necromancy     | 2 |  2.9
Stealth        | |  2.6

Action                     |  1- 3 |  4- 6 |  7- 9 | 10-12 | 13-15 || total
---------------------------+-------+-------+-------+-------+-------++-------
  Melee: Unarmed           |    23 |    14 |    15 |    35 |    15 ||   102
         Bite              |     2 |     2 |     1 |    10 |     3 ||    18
         Punch             |       |       |       |     4 |       ||     4
   Cast: Summon Small Mamm |    42 |    18 |    27 |     4 |     1 ||    92
         Call Imp          |    10 |     8 |    19 |     7 |     3 ||    47
         Call Canine Famil |     4 |    13 |    39 |    70 |    22 ||   148
         Summon Guardian G |       |     2 |    20 |   107 |    30 ||   159
         Summon Lightning  |       |       |    17 |   115 |    37 ||   169
         Tukima's Dance    |       |       |       |    10 |       ||    10
         Blink             |       |       |       |     9 |     9 ||    18
         Monstrous Menager |       |       |       |       |    18 ||    18
 Invoke: Potion Petition   |       |       |       |     1 |     1 ||     2
         Call Merchant     |       |       |       |     1 |     1 ||     2
  Evoke: Wand              |     1 |     1 |     2 |    22 |     2 ||    28
         Phial of floods   |       |       |       |     1 |       ||     1
    Use: Potion            |       |       |     1 |     7 |     4 ||    12
         Scroll            |       |       |     6 |    13 |       ||    19
   Stab: Distracted        |       |       |     2 |     1 |     1 ||     4
         Sleeping          |       |       |     1 |       |       ||     1
 Armour: Skin              |       |       |     1 |     8 |     3 ||    12
  Dodge: Dodged            |    15 |    14 |    46 |   115 |    63 ||   253
  Block: Other             |       |     2 |    15 |    29 |    12 ||    58
         Reflection        |       |     1 |     1 |     8 |     1 ||    11

Table legend: (Time is in decaauts)
 A = Elapsed time spent in this place.
 B = Non-inter-level travel time spent in this place.
 C = Inter-level travel time spent in this place.
 D = Time resting spent in this place.
 E = Time spent auto-exploring this place.
 F = Levels seen in this place.
 G = Mean time per level.
                   A        B        C        D        E       F      G
               +--------+--------+--------+--------+--------+-----+--------+
         Total |  21299 |  20780 |    519 |    776 |  16063 |  20 | 1064.9 |
       Dungeon |  14457 |  13990 |    467 |    143 |  11309 |  14 | 1032.6 |
          Lair |   5873 |   5821 |     52 |    374 |   4357 |   5 | 1174.6 |
      Gauntlet |    969 |    969 |      0 |    259 |    396 |   1 |  969.0 |
               +--------+--------+--------+--------+--------+-----+--------+

Top non-repeatable levels by time:
     D:6: 1837 daAuts
  Lair:1: 1418 daAuts
    D:13: 1417 daAuts
    D:12: 1395 daAuts
     D:7: 1363 daAuts
  Lair:4: 1237 daAuts
    D:11: 1204 daAuts
    D:10: 1192 daAuts
  Lair:5: 1111 daAuts
     D:9: 1091 daAuts
  Lair:2: 1054 daAuts
  Lair:3: 1052 daAuts
     D:5: 984 daAuts
Gauntlet: 969 daAuts
     D:1: 959 daAuts
